 Dungeon Crawl Stone Soup version 0.28.0 (webtiles) character file.

Game seed: 5870065198151550390

1540 fragbeetle the Basher (level 8, -3/62 HPs)
             Began as a Minotaur Gladiator on Feb 19, 2022.
             Was a Priest of Zin.
             Slain by an orc warrior (15 damage)
             ... on level 7 of the Dungeon.
             The game lasted 00:09:00 (6147 turns).

fragbeetle the Basher (Minotaur Gladiator)          Turns: 6147, Time: 00:09:01

Health: -3/62      AC:  5    Str: 19    XL:     8   Next: 56%
Magic:  7/7        EV: 11    Int:  8    God:    Zin [***...]
Gold:   214        SH:  0    Dex: 12    Spells: 7/7 levels left

rFire   + . .      SeeInvis .   k - +4 whip "Cynuw" {vorpal, rF+ rC- Int+3}
rCold   x . .      Faith    .   (no shield)
rNeg    . . .      Spirit   .   j - +0 ring mail
rPois   .          Reflect  .   c - +0 hat
rElec   .          Harm     .   (no cloak)
rCorr   .          Rampage  .   (no gloves)
Will    .....                   (no boots)
Stlth   ..........              (no amulet)
HPRegen 0.20/turn               (no ring)
MPRegen 0.10/turn               (no ring)

@: confused
A: horns 2, retaliatory headbutt, weak 1, evolution 1
a: Renounce Religion, Recite, Vitalisation, Imprison, Donate Gold


You were on level 7 of the Dungeon.
You worshipped Zin.
Zin was most pleased with you.
You visited 1 branch of the dungeon, and saw 7 of its levels.

You collected 237 gold pieces.
You donated 23 gold pieces to Zin.

Inventory:

Hand Weapons
 a - a +0 war axe
 k - the +4 whip "Cynuw" (weapon) {vorpal, rF+ rC- Int+3}
   (You found it on level 2 of the Dungeon)

   It inflicts extra damage upon your enemies.
   Int:       It affects your intelligence (+3).
   rF:        It protects you from fire.
   rC:        It makes you vulnerable to cold.
Missiles
 d - 3 throwing nets (quivered)
 i - 22 poisoned darts
 m - 5 javelins
 t - 85 sling bullets
Armour
 c - a +0 hat (worn)
 j - a +0 ring mail (worn)
Wands
 s - a wand of paralysis (5)
 w - a wand of iceblast (14)
Scrolls
 e - a scroll of vulnerability {unknown}
 g - a scroll of summoning {unknown}
 h - 7 scrolls of identify {unknown}
 l - 2 scrolls of enchant weapon {unknown}
 n - a scroll of enchant armour {unknown}
 o - a scroll of blinking {unknown}
 r - 2 scrolls of teleportation {unknown}
 v - a scroll of silence {unknown}
 y - a scroll of noise {unknown}
Potions
 b - a potion of attraction {unknown}
 f - a potion of curing
 p - a potion of haste
 q - a potion of invisibility
 u - a potion of brilliance
 x - a potion of heal wounds {unknown}


   Skills:
 - Level 2.4 Fighting
 - Level 5.4(9.2) Axes
 - Level 11.4(12.0) Maces & Flails
 - Level 2.0 Throwing
 + Level 3.5 Armour
 - Level 3.2 Dodging


You had 7 spell levels left.
You didn't know any spells.
Your spell library contained the following spells:

 Spells                   Type           Power      Damage    Failure   Level
 Magic Dart               Conj           0%         1d3       58%         1
 Call Imp                 Summ           0%         N/A       73%         2
 Corpse Rot               Necr/Air       0%         N/A       73%         2
 Gell's Gravitas          Tloc           0%         N/A       91%         3
 Mephitic Cloud           Conj/Pois/Air  0%         N/A       91%         3
 Teleport Other           Tloc           0%         N/A       91%         3
 Dispel Undead            Necr           0%         3d6       100%        4
 Death Channel            Necr           0%         N/A       100%        6
 Dispersal                Tloc           0%         N/A       100%        6


Dungeon Overview and Level Annotations

Branches:
Dungeon (7/15)             Temple (0/1) D:6

Altars:
Ru
Zin

Annotations:
D:6 Dowan


Innate Abilities, Weirdness & Mutations

You have a pair of horns on your head.
You reflexively headbutt those who attack you in melee.
You are weak. (Str -2)
You have hidden genetic potential.


Message History

You hit the orc.
You kill the orc!
The orc warrior hits you with a +0 halberd!
You hit the orc warrior.
The orc warrior is lightly wounded.
The orc warrior hits you with a +0 halberd!
The orc wizard hits you with a +0 dagger.
You hit the orc warrior.
The orc warrior is moderately wounded.
The orc hits you with a +0 short sword.
You hit the orc warrior but do no damage.
The orc warrior is moderately wounded.
The orc warrior barely misses you. The orc wizard barely misses you.
You furiously retaliate!
You headbutt the orc wizard.
You hit the orc warrior but do no damage.
You headbutt the orc warrior, but do no damage.
The orc warrior is moderately wounded.
The orc hits you with a +0 short sword.
You hit the orc warrior but do no damage.
The orc warrior is moderately wounded.
The orc warrior hits you with a +0 halberd!
* * * LOW HITPOINT WARNING * * *
The orc wizard casts a spell at you.
You are confused.
You're too confused to move!
The orc barely misses you.
The orc warrior hits you with a +0 halberd!
* * * LOW HITPOINT WARNING * * *
The orc wizard gestures at you while chanting.
You resist with some effort.
Unknown command.
The orc completely misses you. The orc warrior closely misses you.
You see here a +0 club.
You whack the orc!
You kill the orc!
You feel better.
The orc wizard gestures at you while chanting.
You are confused.
Found a stone staircase leading down.
The orc warrior hits you from afar with a +0 halberd!
You die...

#.............
#..............
...#####..............
#....................
#.######.............
................!...
.....#####..........
.........'..........
...#.#####..@.......
## #.......)..
+o.........
##.o........
#...........
#.))........
#..)......>.
#.......##.. #.......#


You could see an orc warrior and an orc wizard.

Vanquished Creatures
  Eustachio (D:6)
  An acid dragon (D:7)
  A water moccasin (D:7)
  3 phantoms
  2 kobold brigands (D:7)
  2 bullfrogs (D:7)
  A jelly (D:4)
  A bullfrog zombie (D:6)
  A centaur zombie (D:4)
  4 hounds
  4 bullfrog skeletons (D:5)
  Jessica (D:2)
  An iguana (D:5)
  Natasha (thrice) (D:3)
  A howler monkey skeleton (D:5)
  3 gnolls (D:4)
  11 adders
  2 worms
  2 dart slugs
  7 orcs
  3 bats
  4 endoplasms
  4 giant cockroaches
  4 goblins
  10 hobgoblins
  5 jackals (D:3)
  18 kobolds
  3 quokkas
  4 ball pythons
  2 frilled lizards
  4 rats (D:2)
113 creatures vanquished.

Vanquished Creatures (others)
  2 plants (D:7)
2 creatures vanquished.

Grand Total: 115 creatures vanquished

Notes
Turn   | Place    | Note
-------+----------+-------------------------------------------
     0 | D:1      | fragbeetle the Minotaur Gladiator began the quest for the
                  | Orb.
     0 | D:1      | Reached XP level 1. HP: 18/18 MP: 0/0
   125 | D:1      | Reached XP level 2. HP: 24/25 MP: 1/1
   653 | D:1      | Found a faded altar of an unknown god.
  1156 | D:1      | Prayed at the altar of an unknown god.
  1156 | D:1      | Became a worshipper of Zin the Law-Giver
  1156 | D:1      | Reached * piety under Zin
  1210 | D:2      | Reached skill level 5 in Axes
  1213 | D:2      | Reached XP level 3. HP: 19/30 MP: 2/2
  1556 | D:2      | Identified the +4 whip "Cynuw" {vorpal, rF+ rC- Int+3}
  1650 | D:2      | Reached skill level 1 in Maces & Flails
  1884 | D:2      | Noticed Jessica
  1891 | D:2      | Killed Jessica
  1892 | D:2      | Reached skill level 2 in Maces & Flails
  1892 | D:2      | Reached XP level 4. HP: 19/37 MP: 3/3
  2083 | D:2      | Reached ** piety under Zin
  2274 | D:3      | Reached skill level 3 in Maces & Flails
  2348 | D:3      | Noticed Natasha
  2360 | D:3      | Killed Natasha
  2361 | D:3      | Reached skill level 4 in Maces & Flails
  2361 | D:3      | Reached XP level 5. HP: 18/42 MP: 4/4
  2441 | D:3      | Noticed Natasha
  2451 | D:3      | Killed Natasha
  2895 | D:3      | Noticed Natasha
  2905 | D:3      | Killed Natasha
  2906 | D:3      | Reached skill level 5 in Maces & Flails
  3224 | D:4      | Found a sacrificial altar of Ru.
  3603 | D:4      | Noticed a phantom
  3614 | D:4      | Reached XP level 6. HP: 42/50 MP: 5/5
  3629 | D:4      | Reached skill level 6 in Maces & Flails
  3658 | D:4      | Gained mutation: You are weak. (Str -2) [potion of
                  | mutation]
  3658 | D:4      | Gained mutation: You have hidden genetic potential. [potion
                  | of mutation]
  3662 | D:4      | HP: 3/75 [acid (3)]
  3663 | D:4      | Zin protects you from harm!
  3665 | D:4      | HP: 1/75 [acid (1)]
  3666 | D:4      | Zin protects you from harm!
  3668 | D:4      | Reached skill level 7 in Maces & Flails
  4331 | D:5      | Entered Level 5 of the Dungeon
  4436 | D:5      | Reached XP level 7. HP: 48/56 MP: 6/6
  4554 | D:5      | Reached skill level 8 in Maces & Flails
  5367 | D:6      | Noticed Eustachio
  5376 | D:6      | Killed Eustachio
  5377 | D:6      | Reached skill level 9 in Maces & Flails
  5409 | D:6      | Reached *** piety under Zin
  5427 | D:6      | Reached skill level 10 in Maces & Flails
  5484 | D:6      | Found a staircase to the Ecumenical Temple.
  5532 | D:6      | Reached XP level 8. HP: 60/62 MP: 7/7
  5551 | D:6      | Noticed Dowan
  5768 | D:7      | Reached skill level 11 in Maces & Flails
  6137 | D:7      | HP: 3/62 [orc warrior (13)]
  6147 | D:7      | Slain by an orc warrior

Illustrated notes

Levels and vault maps discovered:
D:1:      erik_arrival_cave_to_civilisation [erik_arrival_cave_to_temple],
          layout_basic, shapermc_ecumenical_altar_mp_urbaneastern
D:2:      layout_rooms, serial_glass, glass_columns_a, glass_columns_a,
          uniq_jessica
D:3:      layout_basic, uniq_natasha
D:4:      cheibrodos_barr_body, layout_rooms, old_standard_altar,
          hangedman_abyss_or_decor_passed, hex_large
D:5:      layout_cave_pods
D:6:      layout_basic, tso_metal_star, minmay_misc_feat_plants, uniq_duvessa,
          uniq_eustachio
D:7:      layout_basic, nicolae_qazlal_scattered_showers, serial_bayou_crossing

Skill      XL: |  1  2  3  4  5  6  7  8 |
---------------+-------------------------+-----
Axes           | 4 5 |  5.4
Maces & Flails | 2 4 5 7 10 11 | 11.4
Armour         | 3 |  3.5
Fighting       | |  2.4
Throwing       | |  2.0
Dodging        | |  3.2

Action                   |  1- 3 |  4- 6 |  7- 9 || total
-------------------------+-------+-------+-------++-------
Melee: War axe           |    47 |       |       ||    47
       Headbutt          |     2 |    15 |    16 ||    33
       Whip              |    16 |   139 |   128 ||   283
       Punch             |       |     1 |       ||     1
Invok: Recite            |       |     1 |       ||     1
  Use: Potion            |       |     5 |     1 ||     6
 Stab: Invisible         |       |     1 |       ||     1
Armor: Leather armour    |    16 |    18 |       ||    34
       Skin              |       |     8 |       ||     8
       Ring mail         |       |       |    16 ||    16
Dodge: Dodged            |    37 |    53 |    44 ||   134
